[Event "Titled Tuesday Blitz October 31 Early 2023"]
[White "Preotu, Razvan"]
[Black "Purtseladze, Maka"]
[WhiteFideId "2613280"]
[BlackFideId "13602659"]
[WhiteElo "2692"]
[BlackElo "2524"]
[Result "1-0"]
[Round "8"]
[TimeControl "180+1"]
[Date "2023.10.31"]
[WhiteClock "0:00:03"]
[BlackClock "0:00:00"]
[Board "56"]

1. e4 c6 2. Nc3 d5 3. Nf3 dxe4 4. Nxe4 Nf6 5. Qe2 Nxe4 6. Qxe4 Qd5 7. Qh4 Qe6+ 8. Be2 Qg4 9. Qg3 Qxg3 10. hxg3 g6 11. Bc4 Nd7 12. Ng5 Ne5 13. Bb3 h6 14. d4 Bg7 15. dxe5 hxg5 16. Rxh8+ Bxh8 17. Bxg5 Bxe5 18. O-O-O a5 19. a4 b5 20. Re1 Bd6 21. Rh1 f6 22. Be3 Kd7 23. f4 Bb7 24. Rh6 bxa4 25. Bxa4 Rg8 26. g4 Kc7 27. Kd2 c5 28. g3 Bf3 29. Bb3 Rg7 30. Be6 f5 31. g5 Bc6 32. Rh8 Bd7 33. Bxd7 Kxd7 34. Ra8 Bc7 35. Ra7 Kc6 36. Bxc5 e5 37. Be3 exf4 38. gxf4 Bb6 39. Rxg7 1-0


[Site "https://www.chess.com"]

[Event "Titled Tuesday Blitz October 31 Early 2023"]
[White "Mendez Fortes, Eduardo Jesus"]
[Black "Demin, Vladimir"]
[WhiteFideId "3502376"]
[BlackFideId "4167457"]
[WhiteElo "2679"]
[BlackElo "2523"]
[Result "1/2-1/2"]
[Round "8"]
[TimeControl "180+1"]
[Date "2023.10.31"]
[WhiteClock "0:00:08"]
[BlackClock "0:00:07"]
[Board "57"]

1. e4 e5 2. Nf3 Nc6 3. Bb5 a6 4. Ba4 Bc5 5. O-O Nge7 6. c3 Ba7 7. d4 Ng6 8. Be3 O-O 9. h3 d6 10. Re1 h6 11. Nbd2 Nce7 12. Bb3 Kh8 13. Nf1 f5 14. dxe5 Bxe3 15. Nxe3 fxe4 16. exd6 cxd6 17. Nd4 d5 18. c4 Nf4 19. cxd5 Nexd5 20. Nxd5 Nxd5 21. Nc2 Nf6 22. Ne3 Qe8 23. Qd6 Bd7 24. Rac1 Qg6 25. Qg3 Qxg3 26. fxg3 Bc6 27. g4 Rad8 28. Rc2 g6 29. Rf2 Kg7 30. Ref1 Nd7 31. Rf7+ Rxf7 32. Rxf7+ Kh8 33. g5 Ne5 34. Re7 Re8 35. Rxe8+ Bxe8 36. gxh6 Kh7 37. Bc2 Bc6 38. Kf2 Kxh6 39. g4 Nf3 40. Kg3 Kg5 41. Ng2 Nd4 42. Bd1 Kf6 43. h4 a5 44. Kf4 Ne6+ 45. Ke3 Ke5 46. g5 Nd4 47. Bg4 Nc2+ 48. Kd2 Nd4 49. Ne3 Kf4 50. Bd1 Nf3+ 51. Bxf3 exf3 52. h5 Kxg5 53. hxg6 Kxg6 54. Ng4 Kf5 55. Nf2 Kf4 56. a3 a4 57. Kd3 Bd5 58. Kd4 Bc6 59. Nd3+ Kg3 60. Ke3 Bb5 61. Nf2 Bc6 62. Nd3 Be8 63. Nf2 Bg6 64. Nd1 Bc2 65. Nf2 Bb3 66. Ne4+ Kg2 67. Nf2 Bc2 68. Ng4 Bf5 69. Nf2 Be6 70. Nd3 Bf5 71. Nf2 Bd7 72. Nd1 Bc6 73. Nf2 Kf1 74. Ng4 Ke1 75. Nf2 Bd5 76. Nd3+ Kd1 77. Nb4 Bc6 78. Nd3 Kc2 79. Kd4 Kb3 80. Ke3 Bb5 81. Nc5+ Kxb2 82. Nxb7 Bc6 83. Na5 Ba8 84. Nc4+ Kb3 85. Nd2+ Kxa3 86. Kd3 Kb4 87. Nxf3 Bxf3 88. Kc2 Ka3 89. Kb1 Be4+ 90. Ka1 Bd5 91. Kb1 Ba2+ 92. Ka1 Bb3 93. Kb1 Ba2+ 94. Ka1 Bb3 95. Kb1 Ba2+ 1/2-1/2


[Site "https://www.chess.com"]

[Event "Titled Tuesday Blitz October 31 Early 2023"]
[White "Estrada Nieto, Julian"]
[Black "Yen, William"]
[WhiteFideId "5101018"]
[BlackFideId "30932025"]
[WhiteElo "2521"]
[BlackElo "2673"]
[Result "0-1"]
[Round "8"]
[TimeControl "180+1"]
[Date "2023.10.31"]
[WhiteClock "0:00:00"]
[BlackClock "0:00:35"]
[Board "58"]

1. e4 c5 2. Nf3 d6 3. Bb5+ Nc6 4. d4 cxd4 5. Qxd4 Bd7 6. Bxc6 Bxc6 7. Nc3 Nf6 8. Bg5 e6 9. O-O-O Be7 10. Rhe1 O-O 11. Kb1 h6 12. Bh4 Qa5 13. Qd2 Rfc8 14. Nd5 Qxd2 15. Nxe7+ Kf8 16. Nxd2 Kxe7 17. f3 b5 18. Nb3 a5 19. Nd4 b4 20. Rd2 a4 21. Nxc6+ Rxc6 22. Red1 g5 23. Be1 e5 24. Rd3 Rb8 25. a3 b3 26. cxb3 Rxb3 27. Rxb3 axb3 28. Bb4 Ke6 29. Rd3 Nh5 30. g3 g4 31. Rxb3 gxf3 32. Rxf3 Nf6 33. Re3 Rc4 34. b3 Rxe4 35. Rd3 d5 36. Bd2 Re2 37. h3 e4 38. Rd4 e3 39. Bc3 Ne4 40. Bb4 Nxg3 41. a4 Nf5 42. Rd1 d4 43. a5 Rg2 44. a6 Rg8 45. Bc5 Kd5 46. Bb6 Ke4 47. a7 d3 48. Bc7 Ra8 49. Bb8 e2 50. Rh1 d2 51. Kc2 e1=Q 0-1


[Site "https://www.chess.com"]

[Event "Titled Tuesday Blitz October 31 Early 2023"]
[White "Reprintsev, Alexander"]
[Black "Ozates, Tuna"]
[WhiteFideId "14100541"]
[BlackFideId "6354521"]
[WhiteElo "2516"]
[BlackElo "2673"]
[Result "0-1"]
[Round "8"]
[TimeControl "180+1"]
[Date "2023.10.31"]
[WhiteClock "0:00:00"]
[BlackClock "0:00:06"]
[Board "59"]

1. e4 e5 2. Nf3 Nc6 3. Bc4 g6 4. d4 exd4 5. Nxd4 Bg7 6. Nxc6 bxc6 7. Nc3 Ne7 8. Be3 O-O 9. O-O a5 10. Qd3 d6 11. Rad1 Be6 12. b3 Qc8 13. f4 Kh8 14. f5 gxf5 15. Bg5 fxe4 16. Nxe4 Ng6 17. Bxe6 fxe6 18. Rxf8+ Qxf8 19. Rf1 Qc8 20. Bf6 e5 21. Qf3 Qf8 22. g3 d5 23. Bxg7+ Qxg7 24. Ng5 e4 25. Qf6 Qxf6 26. Rxf6 a4 27. Rxc6 axb3 28. axb3 Ne5 29. Rxc7 Ra1+ 30. Kg2 Rc1 31. Rxh7+ Kg8 32. Re7 Rxc2+ 33. Kh3 Nf3 34. Nxf3 exf3 35. Re3 f2 36. Rf3 d4 37. Kg2 f1=Q+ 38. Kxf1 Rxh2 39. Rf2 Rh1+ 40. Ke2 Rb1 41. Rf3 Kg7 42. Rd3 Kf6 43. Kd2 Ke5 44. Kc2 Rg1 45. b4 Rg2+ 46. Kb3 Ke4 47. Rd1 Rxg3+ 48. Ka4 d3 49. b5 Kd5 50. Kb3 Kd4 51. b6 Rg6 52. Kb2 Rxb6+ 53. Kc1 Kc3 0-1


[Site "https://www.chess.com"]

[Event "Titled Tuesday Blitz October 31 Early 2023"]
[White "Lehtosaari, Mauri"]
[Black "BashirovKemal"]
[WhiteFideId "501999"]
[WhiteElo "2511"]
[BlackElo "2669"]
[Result "1/2-1/2"]
[Round "8"]
[TimeControl "180+1"]
[Date "2023.10.31"]
[WhiteClock "0:00:07"]
[BlackClock "0:00:21"]
[Board "60"]

1. d4 Nf6 2. Nf3 d5 3. Bg5 Ne4 4. Bf4 e6 5. Nbd2 f5 6. e3 Be7 7. Ne5 O-O 8. h4 g6 9. g3 Nf6 10. Bh6 Re8 11. Be2 Ne4 12. Nxe4 dxe4 13. Bc4 Bf6 14. Qe2 Qe7 15. c3 Bxe5 16. dxe5 Nd7 17. Bf4 Qg7 18. O-O-O Nxe5 19. h5 g5 20. h6 Nd3+ 21. Bxd3 exd3 22. Rxd3 Qe7 23. Be5 Bd7 24. f4 Bb5 25. Rh5 Bxd3 26. Qxd3 Kf7 27. Rxg5 Rg8 28. Rg7+ Rxg7 29. hxg7 Rg8 30. g4 Rd8 31. Qe2 Qh4 32. gxf5 Qh1+ 33. Kc2 Qe4+ 34. Kb3 exf5 35. a3 Qd5+ 36. Kc2 Qe4+ 37. Kb3 Qd5+ 38. Kc2 c5 39. Qh5+ Kg8 40. Qe2 c4 41. Bd4 Qe4+ 42. Kc1 Qd3 43. Qh5 Qf1+ 44. Kc2 Qd3+ 45. Kc1 Qf1+ 46. Kc2 Qd3+ 47. Kc1 1/2-1/2


[Site "https://www.chess.com"]

[Event "Titled Tuesday Blitz October 31 Early 2023"]
[White "Sadykov, Ramil"]
[Black "Bilan, Danila"]
[WhiteFideId "24113590"]
[BlackFideId "24161918"]
[WhiteElo "2664"]
[BlackElo "2496"]
[Result "1-0"]
[Round "8"]
[TimeControl "180+1"]
[Date "2023.10.31"]
[WhiteClock "0:01:24"]
[BlackClock "0:00:00"]
[Board "61"]

1. d4 d5 2. Bf4 Nf6 3. Nc3 e6 4. e3 Bd6 5. Qf3 Bxf4 6. Qxf4 a6 7. g4 Nfd7 8. Nf3 c5 9. g5 Nc6 10. h4 b5 11. Bh3 b4 12. Na4 cxd4 13. exd4 Ne7 14. h5 g6 15. Ne5 Nf5 16. Nc6 e5 17. dxe5 Qc7 18. Nxb4 O-O 19. Nxd5 Qa5+ 20. Nac3 Bb7 21. O-O-O Bxd5 22. Rxd5 Qc7 23. Bxf5 gxf5 24. Qxf5 Nb6 25. h6 Nxd5 26. Nxd5 1-0


[Site "https://www.chess.com"]

[Event "Titled Tuesday Blitz October 31 Early 2023"]
[White "Xtrmntr78"]
[Black "Avazkhonov, Alikhon"]
[BlackFideId "14208504"]
[WhiteElo "2664"]
[BlackElo "2507"]
[Result "0-1"]
[Round "8"]
[TimeControl "180+1"]
[Date "2023.10.31"]
[WhiteClock "0:00:00"]
[BlackClock "0:00:03"]
[Board "62"]

1. c4 e5 2. Nc3 d6 3. Nf3 f5 4. d4 e4 5. Bg5 Nf6 6. Nd2 Be7 7. e3 O-O 8. h4 h6 9. Bxf6 Bxf6 10. g3 c5 11. Nb3 cxd4 12. Nxd4 Nc6 13. Nce2 Qa5+ 14. Qd2 Nb4 15. Nc3 Bxd4 16. exd4 f4 17. gxf4 Qh5 18. a3 Qf3 19. Rg1 Nd3+ 20. Bxd3 exd3 21. Qe3 Qxf4 22. Nd5 Qf7 23. O-O-O Be6 24. Nc7 Bxc4 25. Nxa8 Rxa8 26. Rde1 Ba2 27. Kd2 Rc8 28. Rc1 Re8 29. Qg3 Re2+ 30. Kxd3 Rxb2 31. Rc8+ Kh7 32. h5 Rb3+ 0-1


[Site "https://www.chess.com"]

[Event "Titled Tuesday Blitz October 31 Early 2023"]
[White "Goltsev, Dmitry"]
[Black "Kopczynski, Michal"]
[WhiteFideId "24176710"]
[BlackFideId "1124200"]
[WhiteElo "2662"]
[BlackElo "2495"]
[Result "1-0"]
[Round "8"]
[TimeControl "180+1"]
[Date "2023.10.31"]
[WhiteClock "0:00:56"]
[BlackClock "0:00:52"]
[Board "63"]

1. e4 b6 2. Nc3 Bb7 3. d4 e6 4. e5 c5 5. Nf3 cxd4 6. Qxd4 Bxf3 7. gxf3 Nc6 8. Qe4 f5 9. Qe2 Qc7 10. f4 Nd4 11. Qd3 Qc6 12. Qxd4 Qxh1 13. Be3 Bc5 14. Qd2 Bxe3 15. fxe3 Nh6 16. O-O-O Rd8 17. Bb5 Qb7 18. Qd6 a6 19. Qxe6+ Kf8 20. Bxd7 Nf7 21. Qxf5 g6 22. Qe6 Kg7 23. Qf6+ Kg8 24. e6 h5 25. Qxg6+ 1-0


[Site "https://www.chess.com"]

[Event "Titled Tuesday Blitz October 31 Early 2023"]
[White "Buchenau, Frank"]
[Black "Bao, Qilin"]
[WhiteFideId "4604350"]
[BlackFideId "8605750"]
[WhiteElo "2475"]
[BlackElo "2652"]
[Result "0-1"]
[Round "8"]
[TimeControl "180+1"]
[Date "2023.10.31"]
[WhiteClock "0:00:17"]
[BlackClock "0:01:17"]
[Board "64"]

1. e4 e6 2. d4 d5 3. Nc3 dxe4 4. Nxe4 Bd7 5. Nf3 Bc6 6. Bd3 Nd7 7. O-O Ngf6 8. Ned2 Be7 9. Nc4 Be4 10. Bxe4 Nxe4 11. d5 exd5 12. Qxd5 Ndc5 13. Qxd8+ Rxd8 14. Bf4 Ne6 15. Be3 O-O 16. Na5 Bc5 17. Bxc5 N6xc5 18. Rfe1 Nd6 19. Re7 Rd7 20. Rxd7 Nxd7 21. Rd1 Nc5 22. b4 Nce4 23. a3 f6 24. Kf1 Rc8 25. c4 c5 26. Nd2 b6 27. Nb7 Nxd2+ 28. Rxd2 Nxb7 0-1


[Site "https://www.chess.com"]

[Event "Titled Tuesday Blitz October 31 Early 2023"]
[White "Santos Flores, Alberto"]
[Black "Volkov, Maksim"]
[WhiteFideId "3601234"]
[BlackFideId "54123070"]
[WhiteElo "2462"]
[BlackElo "2652"]
[Result "1-0"]
[Round "8"]
[TimeControl "180+1"]
[Date "2023.10.31"]
[WhiteClock "0:00:42"]
[BlackClock "0:00:00"]
[Board "65"]

1. e4 e6 2. d4 d5 3. Nc3 Bb4 4. e5 c5 5. a3 Bxc3+ 6. bxc3 Qa5 7. Qd2 Nc6 8. Nf3 Nge7 9. a4 b6 10. Bd3 Ba6 11. O-O Bxd3 12. Qxd3 Rc8 13. Bd2 c4 14. Qe3 Kd7 15. Ng5 Rcf8 16. g4 h6 17. Nf3 h5 18. h3 Ng6 19. Ng5 hxg4 20. hxg4 Rh4 21. Qg3 Rfh8 22. Nxf7 Rh1+ 23. Kg2 R1h2+ 24. Qxh2 Rxh2+ 25. Kxh2 Nxd4 26. f4 Nc6 27. Nd6 d4 28. Rad1 1-0


[Site "https://www.chess.com"]

[Event "Titled Tuesday Blitz October 31 Early 2023"]
[White "Nurmanova, Alua"]
[Black "Ziatdinov, Raset"]
[WhiteFideId "13729390"]
[BlackFideId "2015323"]
[WhiteElo "2635"]
[BlackElo "2440"]
[Result "1-0"]
[Round "8"]
[TimeControl "180+1"]
[Date "2023.10.31"]
[WhiteClock "0:01:55"]
[BlackClock "0:01:17"]
[Board "66"]

1. e4 c5 2. Nf3 Nc6 3. d4 cxd4 4. Nxd4 e5 5. Nb5 d6 6. c4 a6 7. N5c3 Nf6 8. Bd3 Be7 9. Bg5 O-O 10. O-O Be6 11. Bxf6 Bxf6 12. Nd5 Bg5 13. Nbc3 Nd4 14. b4 Rc8 15. Kh1 f5 16. exf5 Bxf5 17. Ne4 Bh6 18. Ne3 Be6 19. Qh5 Rf4 20. g3 Rf7 21. Ng4 Bxg4 22. Qxg4 Qd7 23. Nf6+ 1-0


[Site "https://www.chess.com"]

[Event "Titled Tuesday Blitz October 31 Early 2023"]
[White "Haitin, Ilja"]
[Black "Skliarov, Viktor"]
[WhiteFideId "4501764"]
[BlackFideId "14106736"]
[WhiteElo "2420"]
[BlackElo "2633"]
[Result "0-1"]
[Round "8"]
[TimeControl "180+1"]
[Date "2023.10.31"]
[WhiteClock "0:00:00"]
[BlackClock "0:00:03"]
[Board "67"]

1. Nf3 g6 2. d4 Bg7 3. e4 c5 4. dxc5 Qa5+ 5. c3 Qxc5 6. Na3 Nf6 7. Nb5 Ng4 8. Nfd4 d6 9. Be2 a6 10. b4 Nxf2 11. bxc5 Nxd1 12. Nc7+ Kd8 13. Nxa8 Nxc3 14. Be3 Nxe2 15. Kxe2 dxc5 16. Rad1 cxd4 17. Bxd4 Bg4+ 18. Ke3 Bxd1 19. Bxg7 Rg8 20. Rxd1+ Kc8 21. Be5 Nd7 22. Bg3 e5 23. Rc1+ Kb8 24. Rd1 Kc8 0-1


[Site "https://www.chess.com"]

[Event "Titled Tuesday Blitz October 31 Early 2023"]
[White "Kuzhylnyi, Oleksandr"]
[Black "La Villa Rivas, Marlon Javier"]
[WhiteFideId "34110500"]
[BlackFideId "3519546"]
[WhiteElo "2631"]
[BlackElo "2417"]
[Result "1-0"]
[Round "8"]
[TimeControl "180+1"]
[Date "2023.10.31"]
[WhiteClock "0:00:47"]
[BlackClock "0:00:45"]
[Board "68"]

1. b3 e5 2. Bb2 Nc6 3. e3 Nf6 4. Bb5 d6 5. Nf3 Be7 6. d4 exd4 7. Nxd4 Bd7 8. Nxc6 bxc6 9. Be2 O-O 10. O-O a5 11. Nc3 c5 12. Bf3 Rb8 13. a4 c4 14. Rb1 cxb3 15. cxb3 Be6 16. Nd5 Nxd5 17. Bxd5 Bf5 18. e4 Bg6 19. Bc3 Bf6 20. Bxa5 Be5 21. f4 Bf6 22. f5 Be5 23. fxg6 Qh4 24. gxf7+ Kh8 25. g3 Bxg3 26. Qe2 Be5 27. Be1 Qg5+ 28. Qg2 Qe3+ 29. Bf2 Qf4 30. Kh1 c6 31. Bg3 Qh6 32. Bxe5 cxd5 33. Bd4 dxe4 34. Rf5 Rb4 35. Bc3 Rxb3 36. Rxb3 Qc1+ 37. Rf1 1-0


[Site "https://www.chess.com"]

[Event "Titled Tuesday Blitz October 31 Early 2023"]
[White "Fernandez, Michael"]
[Black "Jain Kashish Manoj"]
[WhiteFideId "5803560"]
[BlackFideId "35081098"]
[WhiteElo "2416"]
[BlackElo "2627"]
[Result "0-1"]
[Round "8"]
[TimeControl "180+1"]
[Date "2023.10.31"]
[WhiteClock "0:00:03"]
[BlackClock "0:00:31"]
[Board "69"]

1. c4 Nf6 2. g3 g6 3. Bg2 Bg7 4. Nc3 O-O 5. e4 c5 6. Nge2 Nc6 7. O-O Ne8 8. d3 Nc7 9. Be3 Ne6 10. Qd2 Re8 11. Bh6 Bh8 12. f4 Ned4 13. Nxd4 Nxd4 14. Ne2 d6 15. f5 Rb8 16. Nxd4 Bxd4+ 17. Kh1 b5 18. fxg6 hxg6 19. Qf4 Be6 20. b3 bxc4 21. dxc4 Bxa1 22. Rxa1 a5 23. Rd1 a4 24. Qe3 axb3 25. axb3 Qb6 26. Rd3 Bxc4 27. Rc3 Bxb3 28. e5 Be6 29. exd6 exd6 30. Qf4 Qb1+ 31. Rc1 Qf5 32. Qxd6 Rb1 33. h4 Rxc1+ 34. Bxc1 Qb1 35. Qf4 Qc2 36. h5 Bd5 37. hxg6 Qxg2# 0-1


[Site "https://www.chess.com"]

[Event "Titled Tuesday Blitz October 31 Early 2023"]
[White "Kovalevsky, Stanislav"]
[Black "Arslanov, Shamil"]
[WhiteFideId "13508598"]
[BlackFideId "4192826"]
[WhiteElo "2401"]
[BlackElo "2625"]
[Result "1-0"]
[Round "8"]
[TimeControl "180+1"]
[Date "2023.10.31"]
[WhiteClock "0:00:42"]
[BlackClock "0:00:02"]
[Board "70"]

1. e4 d6 2. c4 e5 3. Nc3 f5 4. g3 Nf6 5. Bg2 Nc6 6. d3 Be7 7. Nge2 O-O 8. O-O Qe8 9. Nd5 Bd8 10. h3 fxe4 11. dxe4 Qh5 12. g4 Nxg4 13. hxg4 Bxg4 14. f3 Bxf3 15. Rxf3 Rxf3 16. Ng3 Qg6 17. Qxf3 Nd4 18. Qh5 c6 19. Qxg6 hxg6 20. Ne3 Bh4 21. Nef1 Rf8 22. b3 Nc2 23. Rb1 Ne1 24. Bd2 Nd3 25. Be3 a6 26. Rd1 Nf4 27. Rxd6 Be7 28. Rd7 Bb4 29. Rxb7 Be1 30. Rd7 a5 31. Rd6 a4 32. Rxc6 Ra8 33. Bxf4 exf4 34. Ne2 g5 35. Bf3 axb3 36. axb3 Ra3 37. Rb6 Ba5 38. Rb8+ Kf7 39. c5 Ke7 40. c6 Ke6 41. Rb7 Kd6 42. e5+ Kxe5 43. c7 Bxc7 44. Rxc7 Rxb3 45. Nd2 Rb2 46. Nc4+ Kf5 47. Nxb2 g4 48. Rc5+ 1-0


[Site "https://www.chess.com"]

[Event "Titled Tuesday Blitz October 31 Early 2023"]
[White "Girinath, P.D.S."]
[Black "Pinheiro, Iung Alicio de O."]
[WhiteFideId "5000572"]
[BlackFideId "2104350"]
[WhiteElo "2378"]
[BlackElo "2622"]
[Result "1/2-1/2"]
[Round "8"]
[TimeControl "180+1"]
[Date "2023.10.31"]
[WhiteClock "0:00:02"]
[BlackClock "0:00:14"]
[Board "71"]

1. e4 c6 2. d4 d5 3. exd5 cxd5 4. c4 Nf6 5. Nc3 Nc6 6. Nf3 Be6 7. c5 a6 8. h3 Bf5 9. Bd3 Bxd3 10. Qxd3 g6 11. O-O Bg7 12. Bf4 O-O 13. Rfe1 Nh5 14. Bh2 Re8 15. Na4 Nf6 16. Nb6 Ra7 17. Ne5 e6 18. f3 Nxe5 19. Bxe5 Nd7 20. Nxd7 Qxd7 21. Bxg7 Kxg7 22. Re3 Raa8 23. b4 Qb5 24. Qxb5 axb5 25. a3 Ra4 26. Rc1 Rea8 27. Rcc3 R4a6 28. f4 f6 29. Kf2 Kf7 30. g4 Rh8 31. g5 f5 32. h4 h6 33. Kg2 hxg5 34. hxg5 Rh4 35. Rf3 Rg4+ 36. Kf2 Rc6 37. Ke3 Rh4 38. Kf2 Rc8 39. Ke3 Ke7 40. Kd3 Kd7 41. Kc2 Rch8 42. Kb3 Rg4 43. a4 bxa4+ 44. Kxa4 Rhh4 45. Kb5 Kc7 46. Rce3 Kd7 47. Kb6 Rxf4 48. Rxf4 Rxf4 49. Kxb7 Rxd4 50. b5 f4 51. Rh3 e5 52. Rh7+ Ke6 53. c6 f3 54. c7 Rc4 55. c8=Q+ Rxc8 56. Kxc8 f2 57. Rh1 e4 58. b6 e3 59. b7 e2 60. b8=Q f1=Q 61. Qb6+ Ke5 62. Qc7+ Ke4 63. Qe7+ Kd3 64. Qa3+ Ke4 65. Qe7+ Kd3 66. Qa3+ Ke4 67. Qe7+ 1/2-1/2


[Site "https://www.chess.com"]

[Event "Titled Tuesday Blitz October 31 Early 2023"]
[White "Golizadeh, Asghar"]
[Black "sjoerd893"]
[WhiteFideId "12505269"]
[WhiteElo "2758"]
[BlackElo "2526"]
[Result "1-0"]
[Round "8"]
[TimeControl "180+1"]
[Date "2023.10.31"]
[WhiteClock "0:01:48"]
[BlackClock "0:00:10"]
[Board "73"]

1. e4 c5 2. Nc3 Nc6 3. f4 g6 4. Nf3 Bg7 5. Bb5 Nd4 6. O-O Nxb5 7. Nxb5 a6 8. Nc3 e6 9. e5 d5 10. d4 cxd4 11. Nxd4 Ne7 12. Be3 Nf5 13. Nxf5 gxf5 14. a4 O-O 15. a5 Bd7 16. Qh5 f6 17. exf6 Rxf6 18. Bd4 Rh6 19. Qd1 Qh4 20. h3 Rg6 21. Rf3 Kf7 22. Bxg7 Rxg7 23. Qe1 Qxe1+ 24. Rxe1 d4 25. Ne2 Bc6 26. Nxd4 Bxf3 27. Nxf3 Rd8 28. Ng5+ Rxg5 29. fxg5 Rd2 30. Re3 Rxc2 31. Rb3 Rc7 32. Rb6 Re7 33. Kf2 Kg6 34. h4 Kh5 35. g3 e5 36. Kf3 e4+ 37. Kf4 e3 38. Rh6# 1-0


[Site "https://www.chess.com"]

[Event "Titled Tuesday Blitz October 31 Early 2023"]
[White "Ekdyshman, Mikhail"]
[Black "Rendle, Thomas E"]
[WhiteFideId "4149416"]
[BlackFideId "408760"]
[WhiteElo "2514"]
[BlackElo "2661"]
[Result "0-1"]
[Round "8"]
[TimeControl "180+1"]
[Date "2023.10.31"]
[WhiteClock "0:00:28"]
[BlackClock "0:00:35"]
[Board "74"]

1. e4 e6 2. d4 d5 3. Nd2 Be7 4. Ngf3 Nf6 5. Bd3 c5 6. c3 Nc6 7. O-O cxd4 8. cxd4 dxe4 9. Nxe4 O-O 10. Ng3 Re8 11. Bg5 Nb4 12. Bb1 b6 13. a3 Nbd5 14. Ne5 Bb7 15. Re1 Rc8 16. Qd3 g6 17. h4 Nd7 18. Nf3 Bxg5 19. Nxg5 Nf4 20. Qd2 Nxg2 21. Nxf7 Kxf7 22. h5 Nxe1 23. hxg6+ hxg6 24. Bxg6+ Kxg6 25. Rxe1 Qg5 26. Qd3+ Kg7 27. d5 exd5 28. Qd4+ Nf6 29. Rd1 Rc1 30. Rxc1 Qxc1+ 31. Kg2 Qg5 32. f4 Re2+ 33. Kf1 Qxg3 34. Kxe2 Ba6+ 35. Kd2 Kf7 36. Qe5 Qd3+ 37. Kc1 Qf1+ 38. Kc2 Qe2+ 39. Kc3 Qxe5+ 40. fxe5 Nd7 41. Kd4 Ke6 42. b4 Nxe5 43. a4 Nc6+ 44. Kc3 d4+ 0-1


[Site "https://www.chess.com"]

[Event "Titled Tuesday Blitz October 31 Early 2023"]
[White "Wizard_97"]
[Black "Heinemann, Josefine"]
[BlackFideId "12900460"]
[WhiteElo "2613"]
[BlackElo "2512"]
[Result "1-0"]
[Round "8"]
[TimeControl "180+1"]
[Date "2023.10.31"]
[WhiteClock "0:02:47"]
[BlackClock "0:02:48"]
[Board "75"]

1. e4 c6 2. d4 d5 3. Nd2 dxe4 4. Nxe4 Nf6 5. Nxf6+ exf6 6. c3 Bd6 7. Bd3 O-O 8. Ne2 c5 9. O-O cxd4 10. Nxd4 h6 11. Nf5 Bxf5 12. Bxf5 Nc6 13. Be4 Qc7 14. h3 Rad8 15. Qc2 Rfe8 16. Be3 b6 17. Rad1 Bf4 18. Bxf4 1-0


[Site "https://www.chess.com"]

[Event "Titled Tuesday Blitz October 31 Early 2023"]
[White "Ahmad, Khagan"]
[Black "HeroRubiksCube"]
[WhiteFideId "13431552"]
[WhiteElo "2611"]
[BlackElo "2508"]
[Result "1/2-1/2"]
[Round "8"]
[TimeControl "180+1"]
[Date "2023.10.31"]
[WhiteClock "0:00:14"]
[BlackClock "0:00:48"]
[Board "76"]

1. Nf3 Nf6 2. c4 e6 3. g3 d5 4. Bg2 Be7 5. O-O O-O 6. d4 dxc4 7. Qc2 b5 8. a4 Bb7 9. axb5 a6 10. Nc3 axb5 11. Rxa8 Bxa8 12. Nxb5 Bd5 13. Nc3 c5 14. e4 Bb7 15. dxc5 Bxc5 16. e5 Nd5 17. Nxd5 Bxd5 18. Ng5 g6 19. Ne4 Bxe4 20. Bxe4 Qd4 21. Bf4 Rd8 22. Bf3 Qd3 23. Qe2 Na6 24. Rd1 Qxd1+ 25. Qxd1 Rxd1+ 26. Bxd1 Bd4 27. Be2 Bxb2 28. Bxc4 Nc5 29. Bb5 Nb3 30. Kg2 Nd4 31. Ba4 Ne2 32. Kf3 Nxf4 33. gxf4 g5 34. fxg5 Bxe5 35. h4 h6 36. Kg4 hxg5 37. hxg5 Kg7 38. f4 Bc7 39. Be8 Bd6 40. Bc6 Bc7 41. Be4 Bb8 42. f5 exf5+ 43. Bxf5 Bc7 44. g6 fxg6 45. Bxg6 1/2-1/2


[Site "https://www.chess.com"]

[Event "Titled Tuesday Blitz October 31 Early 2023"]
[White "Pinero Rodriguez, Carlos Jose"]
[Black "Omelja, Artem"]
[WhiteFideId "3901726"]
[BlackFideId "14119846"]
[WhiteElo "2496"]
[BlackElo "2574"]
[Result "0-1"]
[Round "8"]
[TimeControl "180+1"]
[Date "2023.10.31"]
[WhiteClock "0:00:00"]
[BlackClock "0:02:00"]
[Board "77"]

1. e4 c5 2. Nf3 Nc6 3. d4 cxd4 4. Nxd4 Nf6 5. Nc3 e5 6. Ndb5 d6 7. Bg5 a6 8. Na3 b5 9. Nd5 Be7 10. Bxf6 Bxf6 11. c3 O-O 12. Nc2 Bg5 13. a4 bxa4 14. Rxa4 Bb7 15. b4 Ne7 16. Bc4 Kh8 17. O-O f5 18. Nxe7 Qxe7 19. Bd5 fxe4 20. Bxb7 Qxb7 21. Qxd6 e3 22. Nxe3 Bxe3 23. fxe3 Rxf1+ 24. Kxf1 Qb5+ 0-1


[Site "https://www.chess.com"]

[Event "Titled Tuesday Blitz October 31 Early 2023"]
[White "Gontcharov, Vladislav"]
[Black "Kotlyar, Kirill"]
[WhiteFideId "4123492"]
[BlackFideId "24145599"]
[WhiteElo "2572"]
[BlackElo "2506"]
[Result "1-0"]
[Round "8"]
[TimeControl "180+1"]
[Date "2023.10.31"]
[WhiteClock "0:01:25"]
[BlackClock "0:00:00"]
[Board "78"]

1. d4 Nc6 2. Nf3 d6 3. c4 g6 4. Nc3 Bg7 5. e3 e5 6. Be2 f5 7. dxe5 Nxe5 8. O-O Ne7 9. Qc2 O-O 10. b3 N7c6 11. Bb2 g5 12. Rad1 f4 13. exf4 gxf4 14. c5 Bf5 15. Qc1 Rf6 16. Nd5 1-0


[Site "https://www.chess.com"]

[Event "Titled Tuesday Blitz October 31 Early 2023"]
[White "Rosh Jain"]
[Black "borocotoajua"]
[WhiteFideId "25789465"]
[WhiteElo "2445"]
[BlackElo "2567"]
[Result "0-1"]
[Round "8"]
[TimeControl "180+1"]
[Date "2023.10.31"]
[WhiteClock "0:00:00"]
[BlackClock "0:00:08"]
[Board "79"]

1. e4 c6 2. d4 d5 3. Nc3 dxe4 4. Nxe4 Nd7 5. Nf3 Ngf6 6. Bd3 Nxe4 7. Bxe4 Nf6 8. Bd3 Bg4 9. c3 e6 10. O-O Bd6 11. Bg5 Qc7 12. h3 Bh5 13. b4 Nd5 14. Rc1 h6 15. Bd2 Nf4 16. Bxf4 Bxf4 17. Rb1 O-O-O 18. b5 c5 19. Qa4 Bxf3 20. gxf3 Kb8 21. b6 axb6 22. Rb3 Qc6 23. Bb5 Qxf3 24. c4 Qh5 25. dxc5 Qxc5 26. Rf3 g5 27. Qc2 Rd2 28. Qe4 Rhd8 29. a4 R2d4 30. Qe2 Rd2 31. Qe4 h5 32. a5 bxa5 33. Kg2 Rb2 34. Ra1 Rdd2 35. Rf1 e5 36. Qf5 Qe7 37. Re1 f6 38. Qe4 Qc5 39. Rf1 g4 40. hxg4 hxg4 41. Rxf4 exf4 42. Qxf4+ Qe5 43. Qxg4 Qg5 44. Qxg5 fxg5 45. Kg3 Kc7 46. f3 Rg2+ 47. Kh3 Kd6 48. Rd1+ Kc5 49. Rd5+ Kb4 50. Rd7 b6 51. Rd6 a4 52. Rxb6 a3 53. Ra6 a2 54. Bc6 Rgc2 55. Bd5 Kc3 56. c5 Kd4 57. Bxa2 Rxa2 58. Rg6 Rxc5 0-1


[Site "https://www.chess.com"]

[Event "Titled Tuesday Blitz October 31 Early 2023"]
[White "Miszler, Levente"]
[Black "Kiremitciyan, Ari"]
[WhiteFideId "763276"]
[BlackFideId "6373445"]
[WhiteElo "2437"]
[BlackElo "2559"]
[Result "0-1"]
[Round "8"]
[TimeControl "180+1"]
[Date "2023.10.31"]
[WhiteClock "0:00:57"]
[BlackClock "0:01:21"]
[Board "80"]

1. Nf3 g6 2. c4 Bg7 3. g3 d6 4. Bg2 e5 5. O-O Ne7 6. Nc3 O-O 7. d4 Nbc6 8. d5 Nb8 9. e4 h6 10. Qc2 f5 11. exf5 gxf5 12. Nd2 Nd7 13. f4 e4 14. Nb3 Nf6 15. h3 h5 16. Be3 c5 17. dxc6 bxc6 18. Rad1 Qc7 19. Nd4 Bd7 20. b3 Rfd8 21. Na4 Be8 22. c5 Nfd5 23. Rfe1 Nxe3 24. Rxe3 Bxd4 25. Rxd4 d5 26. g4 Qxf4 27. Qe2 Qe5 28. Rd1 f4 29. Rc3 h4 30. Rc2 Ng6 31. Rcd2 Bf7 32. Rd4 f3 33. Bxf3 exf3 34. Qxf3 Qg3+ 35. Qxg3 hxg3 36. Kg2 Re8 37. Kxg3 Re3+ 38. Kf2 Rxh3 0-1


[Site "https://www.chess.com"]